 Dungeon Crawl Stone Soup version 0.19-a0-1021-g80cc50c (webtiles) character file.

165 rageheart7 the Sneak (level 5, 0/36 HPs)
             Began as a Spriggan Enchanter on July 27, 2016.
             Slain by an orc wizard
             ... wielding a +0 dagger
              (1 damage)
             ... on level 3 of the Dungeon.
             The game lasted 00:05:14 (1849 turns).

rageheart7 the Sneak (Spriggan Enchanter)           Turns: 1849, Time: 00:05:14

Health: 0/36       AC: 22    Str:  5    XL:     5   Next: 22%
Magic:  0/10       EV:  4    Int: 16    God:
Gold:   173        SH:  0    Dex: 17    Spells: 2 memorised, 6 levels left

rFire  x . .     SeeInvis +     a - +1 dagger
rCold  + . .     Gourm    .     (armour currently unavailable)
rNeg   + + +     Faith    .     (shield restricted)
rPois  +         Spirit   .     (helmet currently unavailable)
rElec  .         Dismiss  .     (cloak currently unavailable)
rCorr  .         Reflect  .     (gloves unavailable)
SustAt .         Harm     .     (boots unavailable)
MR     .....     NoTele   +     m - amulet of regeneration
Stlth  +++++.....               o - ring of ice
                                (no ring)

@: tree-form (expiring), very slightly contaminated, not resistant to hostile
enchantments, quite stealthy
A: unfitting armour, see invisible, herbivore 3, (speed 0), slow metabolism 2
a: no special abilities


You were on level 3 of the Dungeon.
You were not hungry.
You were a tree.
You visited 1 branch of the dungeon, and saw 3 of its levels.

You collected 173 gold pieces.

Inventory:

Hand Weapons
 a - a +1 dagger (weapon)
Armour
 b - a +1 robe (melded)
 h - a +1 cloak (melded)
Jewellery
 m - an amulet of regeneration (around neck)
 o - a ring of ice (right branch)
Wands
 t - a wand of random effects (15/48)
Scrolls
 f - a scroll of immolation
 i - a scroll of teleportation
 s - a scroll of recharging {unknown}
Potions
 n - 2 potions of brilliance
Books
 c - a book of Maledictions

   Spells                             Type                      Level
   a - Corona                         Hexes                        1
   b - Ensorcelled Hibernation        Hexes/Ice                    2
   c - Confuse                        Hexes                        3
   d - Tukima's Dance                 Hexes                        3
   e - Dazzling Spray                 Conjuration/Hexes            3
Comestibles
 d - 2 bread rations
 k - 7 fruits


   Skills:
 * Level 2.4 Short Blades
 * Level 5.4 Dodging
 + Level 6.0 Stealth
 - Level 2.6 Spellcasting
 + Level 4.4 Hexes


You had 6 spell levels left.
You knew the following spells:

 Your Spells              Type           Power        Failure   Level  Hunger
a - Corona                Hex            ###....      3%          1    #......
b - Ensorcelled Hibernat  Hex/Ice        ##....       14%         2    ##.....


Dungeon Overview and Level Annotations

Branches:
Dungeon (3/15)

Altars:
Fedhas
Qazlal


Innate Abilities, Weirdness & Mutations

You are tiny and cannot use many weapons and most armour.
You have supernaturally acute eyesight. (SInv)
You are a herbivore.
((You cover ground extremely quickly.))
You need consume almost no food.


Message History

The orc wizard is heavily wounded.
The orc wizard hits you but does no damage.
You hit the orc wizard.
The orc wizard is heavily wounded.
The orc wizard hits you but does no damage.
You hit the orc wizard but do no damage.
The orc wizard is heavily wounded.
Your transformation is almost over.
The orc wizard points at you and mumbles some strange words.
You easily resist.
Casting: Ensorcelled Hibernation
Confirm with . or Enter, or press ? or * to list all spells.
Aiming: Ensorcelled Hibernation
Press: ? - help, Shift-Dir - straight line, f - orc wizard
Aim: an orc wizard, wielding a dagger and wearing a robe (heavily wounded, slightly transparent, chance to defeat MR: 44%)
You feel a surge of power!
You miscast Ensorcelled Hibernation.
You are very lightly contaminated with residual magic.
You hear an indistinct dissonance whispering inside your mind.
The orc wizard hits you with a dagger.
You die...

#.#.###.#†....#####.# #
#.....#...### #.#
#.#.....#.#.#######.# .
#.#.....#.#.......... ..
#.......#.#..###....#
...#+#...#.#.#..#......#
.........#.#.#..#......#
......))##.# #.#...##.#
.......♣o..# #.#...##.#
######.....#.##.#...##.#
.......+........##.#
#.#.#...####..#####.#
#.#. #### #...# #.# # #.
#.#.## #.#
#.########.#..###.#
#..................
#####.......###.#


You could see an orc wizard (invisible).

Vanquished Creatures
  2 orc wizards (D:3)
  An orc priest (D:3)
  3 adders (D:2)
  An ooze (D:1)
  A worm (D:2)
  2 giant geckos
  An orc (D:3)
  5 giant cockroaches
  5 goblins
  3 hobgoblins
  2 ball pythons (D:3)
  6 bats
  A giant newt (D:2)
  6 kobolds
  8 rats
47 creatures vanquished.

Notes
Turn   | Place    | Note
-------+----------+-------------------------------------------
     0 | D:1      | rageheart7 the Spriggan Enchanter began the quest for the Orb.
     0 | D:1      | Reached XP level 1. HP: 9/9 MP: 5/5
   353 | D:1      | Reached XP level 2. HP: 13/13 MP: 2/6
   368 | D:1      | Learned a level 2 spell: Ensorcelled Hibernation
  1026 | D:2      | Reached XP level 3. HP: 9/16 MP: 1/8
  1173 | D:2      | Reached skill level 5 in Stealth
  1286 | D:2      | Found a stormy altar of Qazlal.
  1362 | D:2      | Found a blossoming altar of Fedhas.
  1385 | D:2      | Reached XP level 4. HP: 21/21 MP: 9/9
  1831 | D:3      | Reached skill level 5 in Dodging
  1831 | D:3      | Reached XP level 5. HP: 15/24 MP: 2/10
  1833 | D:3      | Reached skill level 6 in Stealth
  1845 | D:3      | HP: 1/36 [orc wizard/puff of flame (16)]
  1849 | D:3      | Slain by an orc wizard

Vault maps used:
D:1:      kennysheep_arrival_seaside
D:2:      nicolae_qazlal_general_emergency, nicolae_overflow_crystal_walls,
          minmay_pentomino_s4
D:3:      first_bread

Skill      XL: |  1  2  3  4  5 |
---------------+----------------+-----
Hexes          | 4 |  4.4
Dodging        | 4 5 |  5.4
Stealth        | 5 6 |  6.0
Short Blades   | 2 |  2.4
Spellcasting   | |  2.6

Action                   |  1- 3 |  4- 6 || total
-------------------------+-------+-------++-------
Melee: Dagger            |   111 |    62 ||   173
 Cast: Corona            |     4 |       ||     4
       Ensorcelled Hiber |     9 |     6 ||    15
  Use: Scroll            |       |     6 ||     6
       Potion            |       |     1 ||     1
 Stab: Sleeping          |    14 |     7 ||    21
Armor: Robe              |    12 |     9 ||    21
       Skin              |       |    24 ||    24
Dodge: Dodged            |    81 |    66 ||   147
